 Dungeon Crawl Stone Soup version 0.29.1-1-gd02db6906a (webtiles) character file.

Game seed: 11348400149495672902

10205 Godmorgon the Destroyer (level 11, -1/64 HPs)
             Began as a Tengu Conjurer on Oct 12, 2022.
             Was a Believer of Vehumet.
             Slain by a vampire (8 damage)
             ... on level 10 of the Dungeon.
             The game lasted 01:08:41 (13216 turns).

Godmorgon the Destroyer (Tengu Conjurer)           Turns: 13216, Time: 01:08:41

Health: -1/64      AC:  4    Str:  7    XL:     11   Next: 58%
Magic:  24/24      EV: 16    Int: 23    God:    Vehumet [**....]
Gold:   122        SH:  5    Dex: 13    Spells: 18/27 levels left

rFire   + . .      SeeInvis .   a - +0 demon whip (venom)
rCold   . . .      Faith    .   M - +0 buckler {rF+}
rNeg    . . .      Spirit   .   h - +1 robe of the Unbroken {Regen+ rCorr Archmagi}
rPois   +          Reflect  .   g - +1 hat
rElec   .          Harm     .   (no cloak)
rCorr   +          Rampage  .   (no gloves)
Will    .....      Archmagi +   (boots unavailable)
Stlth   ++........              i - amulet of regeneration
HPRegen 1.80/turn               y - ring of poison resistance
MPRegen 0.19/turn               o - +4 ring of slaying

@: about to teleport, flying quickly and evasively, quick
A: beak, talons 3, nimble flight
a: Renounce Religion


You were on level 10 of the Dungeon.
You worshipped Vehumet.
Vehumet was pleased with you.
You visited 2 branches of the dungeon, and saw 12 of its levels.

You collected 704 gold pieces.
You spent 582 gold pieces at shops.

Inventory:

Hand Weapons
 a - a +0 demon whip of venom (weapon)
Missiles
 s - 37 poisoned darts
 A - 3 throwing nets
 E - 2 curare-tipped darts
Armour
 g - a +1 hat (worn)
 h - the +1 robe of the Unbroken (worn) {Regen+ rCorr Archmagi}
   (You found it on level 2 of the Dungeon)

   Regen:     It increases your rate of health regeneration.
   rCorr:     It protects you from acid and corrosion.
   Archmagi:  It increases the power of your magical spells.
 D - the +2 leather armour of Greater Demons {Contam rPois Str-5 Int+8}
   (You found it on level 6 of the Dungeon)

   Str:       It affects your strength (-5).
   Int:       It affects your intelligence (+8).
   rPois:     It protects you from poison.
   Contam:    It causes magical contamination when unequipped.
 G - +0 steam dragon scales
 M - a +0 buckler of fire resistance (worn)
 N - a +0 kite shield
 P - a +0 tower shield
Magical Staves
 b - a staff of air
Jewellery
 i - an amulet of regeneration (around neck)
 j - a ring of ice
 k - a ring of positive energy
 o - a +4 ring of slaying (right hand)
 u - a +6 ring of strength
 y - a ring of poison resistance (left hand)
 I - a +6 ring of intelligence
Wands
 r - a wand of mindburst (46)
 t - a wand of acid (6)
 K - a wand of iceblast (8)
Scrolls
 c - 2 scrolls of teleportation
 d - 3 scrolls of amnesia
 e - 2 scrolls of immolation {unknown}
 l - 3 scrolls of fear
 n - a scroll of acquirement {unknown}
 q - 3 scrolls of blinking
 w - 2 scrolls of summoning
 F - 2 scrolls of magic mapping {unknown}
 H - a scroll of fog {unknown}
 O - 2 scrolls of poison {unknown}
 Q - a scroll of enchant armour {unknown}
 S - a scroll of identify
Potions
 f - 2 potions of cancellation
 m - 7 potions of curing
 p - 2 potions of heal wounds
 v - 2 potions of lignification {unknown}
 x - 3 potions of resistance
 z - 3 potions of haste
 B - a potion of attraction {unknown}
 C - 2 potions of brilliance
 J - a potion of invisibility
 L - a potion of magic
 R - a potion of mutation {unknown}


   Skills:
 + Level 5.4 Fighting
 + Level 2.2 Maces & Flails
 - Level 5.0 Armour
 - Level 5.0 Dodging
 - Level 2.0 Stealth
 * Level 4.3 Shields
 + Level 8.8 Spellcasting
 + Level 13.6 Conjurations
 + Level 3.6 Fire Magic
 * Level 6.3 Air Magic
 + Level 2.6 Poison Magic


You had 18 spell levels left.
You knew the following spells:

 Your Spells              Type           Power      Damage    Failure   Level
a - Stone Arrow           Conj/Erth      100%       3d13      1%          3
d - Magic Dart            Conj           100%       1d8       1%          1
f - Foxfire               Conj/Fire      100%       2x1d9     1%          1
p - Poisonous Vapours     Pois/Air       90%        N/A       1%          2
s - Searing Ray           Conj           100%       2d8       1%          2

Your spell library contained the following spells:

 Spells                   Type           Power      Damage    Failure   Level
 Mephitic Cloud           Conj/Pois/Air  61%        N/A       1%          3
 Dazzling Flash           Conj/Hex       100%       N/A       1%          3
 Fulminant Prism          Conj/Hex       29%        3d14      4%          4
 Iskenderun's Mystic Bla  Conj/Tloc      58%        2d12      4%          4
 Necrotise                Necr           60%        1d7       9%          1
 Passwall                 Tmut/Erth      12%        N/A       12%         2
 Vampiric Draining        Necr           15%        2d7       24%         3
 Leda's Liquefaction      Hex/Erth       7%         N/A       63%         4
 Agony                    Necr           15%        N/A       92%         5


Dungeon Overview and Level Annotations

Branches:
Dungeon (11/15)            Temple (1/1) D:7            Lair (0/5) D:11
    Orc: D:9-12

Altars:
Ashenzari
Cheibriados
Dithmenos
Elyvilon
Fedhas
Gozag
Hepliaklqana
Kikubaaqudgha
Makhleb
Nemelex Xobeh
Okawaru
Qazlal
Ru
Sif Muna
Trog
Uskayaw
Vehumet
Wu Jian
Xom
Yredelemnul
Zin
The Shining One

Shops:
D:5 [(=!(   D:8 =*=!:


Innate Abilities, Weirdness & Mutations

You have a beak for a mouth.
You have claws for feet.
Your magical nature lets you fly swiftly and evasively.


Message History

You start resting.
Your magical contamination has completely faded away.
You start resting.
Magic restored.
You fly downwards.
The centaur warrior zombie hits you but does no damage.
The centaur warrior zombie kicks you but does no damage.
The centaur warrior zombie misses you.
The centaur warrior zombie kicks you but does no damage.
There is a stone staircase leading up here.
The centaur warrior zombie closely misses you. x2
The vampire gestures at you while chanting.
You resist with some effort.
You fly upwards.
There is a stone staircase leading down here.
Search for what [? for help]? sinv Unknown command.
Unknown command.
There is a stone staircase leading down here.
You fly downwards.
The centaur warrior zombie hits you but does no damage.
The centaur warrior zombie kicks you but does no damage.
The vampire hits you! The vampire bites you!
The vampire draws strength from your injuries!
The centaur warrior zombie hits you but does no damage.
You block the centaur warrior zombie's attack.
The death yak misses you.
There is a stone staircase leading up, spattered with blood here.
The centaur warrior zombie closely misses you.
The centaur warrior zombie kicks you but does no damage.
The vampire closely misses you. You block the vampire's attack.
The death yak gores you!!
You fly upwards.
There is a stone staircase leading down here.
Okay, then.
As you read the scroll of teleportation, it crumbles to dust.
You feel strangely unstable. The death yak gores you!!
* * * LOW HITPOINT WARNING * * *
The vampire hits you!
You die...

<.)......#......................#
.......................[.....#.##
...............#.........##..#.#
#.#............#........##..####
####...........#.........)..#
#.................)..)....####
##.......................#...##
#.............Y...#....###....#
##............@..##...........#
##....#.....V...............##
######...##.................#
##..#.......#...........
#####..#..>#...#.......
#####.###..####...# ### ####
##..# ####


You could see a death yak and a vampire.

Vanquished Creatures
  2 two-headed ogres (D:10)
  2 death yaks
  Amaemon (D:9)
  An orange demon (D:10)
  Maggie (D:7)
  A kobold demonologist (D:8)
  3 trolls
  Grinder (D:4)
  3 yaks (D:9)
  2 shadows (D:10)
  2 wyverns
  A wraith (D:6)
  A steam dragon (D:9)
  A vampire mosquito (D:6)
  A water moccasin (D:7)
  2 ice beasts
  2 orc warriors
  A black bear (D:6)
  2 ogres (D:6)
  3 centaurs
  2 phantoms
  6 kobold brigands
  2 bullfrogs
  4 gnoll sergeants
  5 scorpions
  6 wights
  7 killer bees
  2 howler monkeys (D:6)
  The ghost of xian the Firebug, a weakling DsFE (D:3)
  4 hounds
  3 jellies
  A gnoll bouda (D:5)
  6 orc priests
  3 iguanas
  Ijyb (D:5)
  11 orc wizards
  24 gnolls
  11 adders
  A shadow imp (D:7)
  6 white imps
  2 ufetubi
  A worm (D:2)
  4 dart slugs
  22 orcs
  4 ball pythons
  6 endoplasms
  A giant cockroach (D:4)
  4 goblins
  2 hobgoblins
  11 jackals
  7 quokkas
  4 bats
  3 frilled lizards
  25 kobolds
  7 rats
242 creatures vanquished.

Vanquished Creatures (others)
  8 plants (D:11)
8 creatures vanquished.

Grand Total: 250 creatures vanquished

Notes
Turn   | Place    | Note
-------+----------+-------------------------------------------
     0 | D:1      | Godmorgon the Tengu Conjurer began the quest for the Orb.
     0 | D:1      | Reached XP level 1. HP: 10/10 MP: 4/4
   315 | D:1      | Reached XP level 2. HP: 15/15 MP: 0/6
   318 | D:1      | Learned a level 2 spell: Searing Ray
   486 | D:1      | Found a faded altar of an unknown god.
   903 | D:1      | Reached skill level 6 in Conjurations
  1151 | D:2      | Identified the +1 robe of the Unbroken {Regen+ rCorr
                  | Archmagi}
  1179 | D:2      | Reached XP level 3. HP: 19/19 MP: 4/7
  1927 | D:2      | Reached XP level 4. HP: 24/24 MP: 4/9
  2491 | D:3      | Reached skill level 7 in Conjurations
  2683 | D:3      | Found a runed translucent door.
  2687 | D:3      | Noticed a bullfrog
  2737 | D:3      | Noticed xian's ghost (weakling DsFE)
  3010 | D:3      | Gained mutation: Your magical nature lets you fly swiftly
                  | and evasively. [Tengu growth]
  3010 | D:3      | Reached XP level 5. HP: 28/28 MP: 6/10
  3924 | D:4      | Reached skill level 8 in Conjurations
  3972 | D:4      | Noticed Grinder
  4024 | D:4      | Reached XP level 6. HP: 32/32 MP: 8/12
  4227 | D:5      | Entered Level 5 of the Dungeon
  4378 | D:5      | Reached skill level 9 in Conjurations
  4487 | D:5      | Found Vusylebb's Antique Weapon Shop.
  4491 | D:5      | Found Apupt's Jewellery Boutique.
  4575 | D:5      | Reached XP level 7. HP: 29/36 MP: 9/14
  4738 | D:5      | Reached skill level 10 in Conjurations
  4869 | D:5      | Noticed Ijyb
  4873 | D:5      | Killed Ijyb
  5055 | D:5      | Found Isuug's Weapon Shoppe.
  5060 | D:5      | Reached skill level 5 in Spellcasting
  5133 | D:5      | Got the Codex of Excavation
  5175 | D:5      | Found Kudobb's Distillery.
  5183 | D:5      | Bought a potion of resistance for 140 gold pieces
  5183 | D:5      | Bought a potion of curing for 42 gold pieces
  5183 | D:5      | Bought a potion of haste for 140 gold pieces
  5269 | D:5      | Found Biuh's Antique Armour Shoppe.
  5401 | D:5      | Reached XP level 8. HP: 41/41 MP: 11/17
  5793 | D:6      | Noticed a wraith
  5806 | D:6      | Killed a wraith
  6086 | D:6      | Learned a level 3 spell: Stone Arrow
  6359 | D:6      | Reached skill level 1 in Armour
  6483 | D:6      | Reached skill level 1 in Fighting
  6768 | D:6      | Reached XP level 9. HP: 48/48 MP: 16/20
  6912 | D:6      | Reached skill level 11 in Conjurations
  6915 | D:6      | Identified the +2 leather armour of Greater Demons {Contam
                  | rPois Str-5 Int+8}
  7783 | D:7      | Noticed Maggie
  7794 | D:7      | Killed Maggie
  8085 | D:7      | Found a staircase to the Ecumenical Temple.
  8094 | Temple   | Entered the Ecumenical Temple
  8302 | Temple   | Became a worshipper of Vehumet
  8463 | D:7      | Reached skill level 12 in Conjurations
  9228 | D:4      | Paralysed by Grinder for 5 turns
  9240 | D:4      | Killed Grinder
  9241 | D:4      | Reached XP level 10. HP: 56/56 MP: 5/22
  9285 | D:3      | Killed xian's ghost
  9387 | D:8      | Noticed a kobold demonologist
  9467 | D:8      | Found Foduja's Book Shoppe.
  9511 | D:8      | Reached skill level 5 in Dodging
  9607 | D:8      | Found Lah Suot's Distillery.
  9610 | D:8      | Killed a kobold demonologist
  9625 | D:8      | Bought a potion of invisibility for 88 gold pieces
  9771 | D:8      | Found a hazy altar of Hepliaklqana.
  9818 | D:8      | Reached * piety under Vehumet
  9818 | D:8      | Offered knowledge of Foxfire by Vehumet.
  9829 | D:8      | Found Huxuyrov's General Store.
 10221 | D:8      | Found Soen's Jewellery Boutique.
 10422 | D:8      | Found Pexittic's Jewellery Shop.
 10475 | D:8      | Learned a level 1 spell: Foxfire
 10496 | D:9      | Reached skill level 1 in Air Magic
 10497 | D:9      | Reached skill level 13 in Conjurations
 10677 | D:5      | Bought a shiny buckler for 172 gold pieces
 10819 | D:9      | Reached skill level 1 in Fire Magic
 10823 | D:9      | Reached skill level 5 in Armour
 11049 | D:9      | Reached skill level 1 in Shields
 11251 | D:9      | Reached ** piety under Vehumet
 11251 | D:9      | Offered knowledge of Poisonous Vapours by Vehumet.
 11259 | D:9      | Learned a level 2 spell: Poisonous Vapours
 11765 | D:10     | Entered Level 10 of the Dungeon
 11770 | D:10     | Noticed Amaemon
 11776 | D:10     | Noticed an orange demon
 11790 | D:9      | Killed Amaemon
 11791 | D:9      | Reached skill level 1 in Poison Magic
 11938 | D:10     | Reached XP level 11. HP: 62/62 MP: 24/24
 12168 | D:10     | Reached skill level 5 in Fighting
 12302 | D:10     | Reached skill level 5 in Air Magic
 12418 | D:10     | Found a glowing silver altar of Zin.
 12489 | D:10     | Reached skill level 1 in Maces & Flails
 12559 | D:10     | Noticed a two-headed ogre
 12567 | D:10     | Killed a two-headed ogre
 12765 | D:11     | Noticed a death yak
 12962 | D:11     | Found a staircase to the Lair.
 12964 | D:11     | Noticed a death yak
 12968 | D:11     | Noticed a two-headed ogre
 12980 | D:10     | Killed a death yak
 12980 | D:10     | Offered knowledge of Mephitic Cloud by Vehumet.
 13049 | D:11     | Noticed a death yak
 13075 | D:10     | Killed a two-headed ogre
 13108 | D:11     | Killed a death yak
 13216 | D:10     | Slain by a vampire

Illustrated notes

Levels and vault maps discovered:
D:1:      heliophobic_arrival_henge, layout_basic,
          hellmonk_ecumenical_altar_leap_of_faith
D:2:      layout_basic, hex_intersection, minmay_misc_feat_diagonals,
          minmay_puff
D:3:      layout_basic, ebering_ghost_sewer_d, minmay_misc_feat_five
D:4:      layout_cave_pools, minmay_crystal_room, uniq_grinder
D:5:      layout_loops_ring, serial_shops, shop, shop, nicolae_stop_n_shop_2,
          nicolae_shop_hallway_stairs, shop, uniq_ijyb
D:6:      minmay_opposing_rooms, layout_loops_corners
D:7:      layout_gridville, minmay_temple_entry_mini_moons, uniq_maggie
D:8:      layout_basic, lemuel_round_altar, serial_shops, nicolae_shop_stone,
          nicolae_lakefront_shop, nicolae_shop_hallway_plus,
          nicolae_shop_crystal, nicolae_shop_waterfront, minmay_misc_feat_tower,
          roderic_serpentine_path
D:9:      layout_roguey, grunt_ministairs_6
D:10:     layout_cave_pools, zin_statuary, uniq_amaemon
D:11:     layout_cave_pools, dpeg_lair_monsters, orc_0_dummy, serial_undead,
          serial_undead_c, serial_undead_e, serial_undead_b, serial_undead_d,
          special_room [special_room_orc], serial_bayou_lake_a
Temple:   mainiacjoe_temple_cubbyholes

Skill      XL: |  1  2  3  4  5  6  7  8  9 10 11 |
---------------+----------------------------------+-----
Conjurations   | 6 7 8 9 10 12 13 | 13.6
Spellcasting   | 3 4 5 7 8 |  8.8
Armour         | 2 4 5 |  5.0
Fighting       | 1 3 4 5 |  5.4
Dodging        | 3 4 5 |  5.0
Air Magic      | 4 6 |  6.3
Fire Magic     | 2 3 |  3.6
Shields        | 2 4 |  4.3
Poison Magic   | 1 2 |  2.6
Maces & Flails | 2 |  2.2
Stealth        | |  2.0

Action                   |  1- 3 |  4- 6 |  7- 9 | 10-12 || total
-------------------------+-------+-------+-------+-------++-------
Melee: Dagger            |     2 |     3 |    10 |     1 ||    16
       Kick              |       |     1 |     1 |     5 ||     7
       Punch             |       |     1 |       |       ||     1
       Peck              |       |       |     1 |     6 ||     7
       Demon whip        |       |       |       |    22 ||    22
 Cast: Magic Dart        |    55 |    16 |     6 |     1 ||    78
       Searing Ray       |     2 |    38 |    33 |    19 ||    92
       Stone Arrow       |       |       |    69 |    90 ||   159
       Poisonous Vapours |       |       |       |    25 ||    25
Evoke: Wand              |       |       |     1 |     2 ||     3
  Use: Scroll            |       |     5 |     6 |     1 ||    12
       Potion            |       |       |       |     1 ||     1
Armor: Robe              |     3 |    13 |    14 |    12 ||    42
Dodge: Dodged            |     6 |    23 |    41 |    84 ||   154
Block: Buckler           |       |       |       |    17 ||    17
